 Dungeon Crawl Stone Soup version 0.26-a0-259-g1effd001a9 (webtiles) character file.

Game seed: 1293007869513961582

747 Apogee the Chopper (level 7, 28/67 HPs)
             Began as a Deep Dwarf Abyssal Knight on July 25, 2020.
             Was a Believer of Lugonu.
             Quit the game on level 5 of the Dungeon.
             The game lasted 00:09:28 (2406 turns).

Apogee the Chopper (Deep Dwarf Abyssal Knight)      Turns: 2406, Time: 00:09:29

Health: 28/67      AC:  3    Str: 18    XL:     7   Next: 48%
Magic:  5/5        EV: 11    Int: 12    God:    Lugonu [**....]
Gold:   180        SH:  0    Dex: 12    Spells: 6/6 levels left

rFire    + . .     SeeInvis .   a - +1 hand axe
rCold    x . .     Faith    .   (no shield)
rNeg     . . .     Spirit   .   b - +0 leather armour
rPois    .         Reflect  .   (no helmet)
rElec    .         Harm     .   (no cloak)
rCorr    .                      (no gloves)
MR       +....                  (no boots)
Stlth    ..........             (no amulet)
HPRegen  0.00/turn              g - ring of fire
MPRegen  0.09/turn              l - ring of attention (curse)

@: non-regenerating
A: damage resistance, heal wounds, sense surroundings 1, no regeneration
a: Heal Wounds, Depart the Abyss, Bend Space, Renounce Religion


You were on level 5 of the Dungeon.
You worshipped Lugonu.
Lugonu was pleased with you.
You were not hungry.

You visited 1 branch of the dungeon, and saw 5 of its levels.
You visited the Abyss 1 time.

You collected 180 gold pieces.

Inventory:

Hand Weapons
 a - a +1 hand axe (weapon)
Missiles
 c - 55 stones (quivered)
Armour
 b - a +0 leather armour (worn)
 j - a +0 helmet
   (You took it off Robin on level 4 of the Dungeon)
Jewellery
 g - a ring of fire (left hand)
   (You found it on level 1 of the Dungeon)
 l - a cursed ring of attention (right hand)
   (You found it on level 2 of the Dungeon)
Scrolls
 d - 3 scrolls of teleportation {@r4}
 n - 2 scrolls of fog {unknown}
 p - 2 scrolls of remove curse {unknown}
Potions
 f - a potion of heal wounds {unknown}
 h - 4 potions of brilliance
 i - a potion of flight
 k - a potion of haste {@q3}
 m - 2 potions of degeneration {unknown}
 o - a potion of magic {unknown}
Comestibles
 e - 8 rations {!d}


   Skills:
 + Level 5.1 Fighting
 * Level 7.8 Axes
 - Level 2.1 Armour
 - Level 1.1 Dodging
 - Level 2.4 Invocations


You had 6 spell levels left.
You didn't know any spells.
Your spell library contained the following spells:

 Spells                   Type           Power        Failure   Level
 Corona                   Hex            #......      36%         1
 Ensorcelled Hibernation  Hex/Ice        #.....       52%         2
 Confusing Touch          Hex            #.......     75%         3
 Dazzling Flash           Conj/Hex       #.....       75%         3
 Tukima's Dance           Hex            #.......     75%         3


Dungeon Overview and Level Annotations

Branches:
Dungeon (5/15)
 Temple: D:4-7

Altars:
Dithmenos

Shops:
D:4 ?


Innate Abilities, Weirdness & Mutations

You are resistant to damage.
You can heal yourself by infusing magical energy.
You passively map a small area around you.
You do not regenerate.


Message History

Throwing (i - inventory)
c - 59 stones (quivered)
Aim: a phantom (lightly damaged)
You throw a stone.
The stone hits the phantom but does no damage.
Throwing (i - inventory)
c - 58 stones (quivered)
Aim: a phantom (lightly damaged)
You throw a stone. The stone closely misses the phantom.
Throwing (i - inventory)
c - 57 stones (quivered)
Aim: a phantom (lightly damaged)
You throw a stone.
The stone hits the phantom but does no damage.
Throwing (i - inventory)
c - 56 stones (quivered)
Aim: a phantom (lightly damaged)
You throw a stone. The stone closely misses the phantom.
You hit the phantom.
The phantom hits you but does no damage.
You hit the phantom. The phantom barely misses you.
You closely miss the phantom. The phantom barely misses you.
You hit the phantom but do no damage.
The phantom blinks!
You see here a stone.
You hit the phantom. The phantom hits you.
The phantom blinks!
The phantom hits you.
The phantom blinks!
You see here a stone.
The phantom hits you.
You closely miss the phantom.
The phantom hits you but does no damage.
You barely miss the phantom. You closely miss the phantom.
The phantom misses you.
You hit the phantom.
The phantom hits you but does no damage.
You closely miss the phantom. The phantom barely misses you.
You hit the phantom but do no damage. The phantom barely misses you.
You hit the phantom. The phantom closely misses you.
You hit the phantom.
The phantom blinks!
The phantom hits you!
The phantom blinks!
You see here a stone.
You hit the phantom but do no damage.
The phantom blinks!
The phantom hits you but does no damage.
You see here a stone.
You hit the phantom. The phantom barely misses you.
You completely miss the phantom. The phantom barely misses you.
You hit the phantom but do no damage. The phantom hits you.
You hit the phantom. The phantom hits you.
* * * LOW HITPOINT WARNING * * *
You hit the phantom. You barely miss the phantom.
The phantom barely misses you.
You barely miss the phantom.
The phantom hits you but does no damage.
You closely miss the phantom. The phantom hits you!
* * * LOW HITPOINT WARNING

* * * #.##.#......# #.#
#......#...## #.# ##...####.##
#.# #.### #.# #.# #.# #.# #.#
#.# ##+## #.# #.# ##...## #.# #
#.# ##.W...## #.###
##.##.###(..@(..## ##.#.##
#####.....##...(..(..####...#.#
.............(.(.(((.+........#
.####.....##....(....####...#.#
.# ###...###......((## ##.##.#
.# #.....# #.#.(...## ####.#
.###.#..# #.##.$.## #.#
........# #.###+## #.#
####.#.#####.# #.# #.#


You could see a phantom.

Vanquished Creatures
  Grinder (D:4)
  An ogre (D:4)
  A scorpion (D:4)
  3 orc priests
  A hound (D:4)
  An iguana (D:4)
  Natasha (D:2)
  An orc wizard (D:4)
  3 worker ants
  Robin (D:4)
  A gnoll (D:4)
  2 adders (D:4)
  An ooze (D:1)
  7 worms
  7 leopard geckos
  11 orcs
  A giant cockroach (D:4)
  12 goblins
  7 hobgoblins
  5 jackals
  A quokka (D:2)
  A ball python (D:4)
  A ball python skeleton (D:4)
  3 bats
  A frilled lizard (D:4)
  5 kobolds
  4 rats
84 creatures vanquished.

Notes
Turn   | Place    | Note
-------+----------+-------------------------------------------
     0 | Abyss:1  | Apogee the Deep Dwarf Abyssal Knight began the quest for
                  | the Orb.
     0 | Abyss:1  | Reached XP level 1. HP: 20/20 MP: 2/2
     1 | Abyss:1  | Found a corrupted altar of Lugonu.
    32 | Abyss:1  | Noticed a neqoxec
    33 | D:1      | Escaped the Abyss
   404 | D:1      | Reached XP level 2. HP: 24/27 MP: 3/3
   414 | D:1      | Reached skill level 3 in Axes
   662 | D:2      | Reached * piety under Lugonu
   681 | D:2      | Noticed Natasha
   699 | D:2      | Killed Natasha
   699 | D:2      | Reached XP level 3. HP: 6/34 MP: 4/4
   823 | D:2      | Reached skill level 4 in Axes
   904 | D:2      | You fall into a shaft and drop 1 floor!
   914 | D:3      | Noticed a black bear
   962 | D:4      | Reached XP level 4. HP: 23/42 MP: 4/4
   995 | D:4      | Noticed Grinder
  1001 | D:4      | Paralysed by Grinder for 6 turns
  1002 | D:4      | Noticed Robin
  1009 | D:4      | Paralysed by Grinder for 5 turns
  1019 | D:4      | Paralysed by Grinder for 6 turns
  1030 | D:4      | Killed Robin
  1058 | D:4      | Reached skill level 5 in Axes
  1058 | D:4      | Reached XP level 5. HP: 34/50 MP: 4/4
  1059 | D:4      | Paralysed by Grinder for 2 turns
  1067 | D:4      | Killed Grinder
  1067 | D:4      | Reached skill level 6 in Axes
  1067 | D:4      | Reached XP level 6. HP: 23/58 MP: 5/5
  1169 | D:3      | Reached ** piety under Lugonu
  1198 | D:3      | You fall into a shaft and drop 1 floor!
  1235 | D:4      | Reached skill level 7 in Axes
  1235 | D:4      | Reached XP level 7. HP: 49/66 MP: 6/6
  1548 | D:4      | Found a shadowy altar of Dithmenos.
  1647 | D:4      | Found Meaq's Magic Scroll Boutique.
  2033 | D:4      | Reached skill level 5 in Fighting
  2199 | D:5      | Entered Level 5 of the Dungeon
  2406 | D:5      | Quit the game

Illustrated notes

Levels and vault maps discovered:
D:1:      tarquinn_simple_flora_water_a, layout_basic, serial_park_tiny_1
D:2:      layout_loops_ring, first_ration, uniq_natasha
D:3:      layout_loops_ring, uniq_terence
D:4:      minmay_chambers_of_twos, layout_basic,
          grunt_dithmenos_smoke_and_mirrors, serial_shops, shop, uniq_grinder,
          uniq_robin
D:5:      layout_loops_corners, old_standard_altar

Skill      XL: |  1  2  3  4  5  6  7 |
---------------+----------------------+-----
Axes           | 3 4 5 6 7 |  7.8
Fighting       | 3 4 5 |  5.1
Armour         | |  2.1
Dodging        | |  1.1
Invocations    | |  2.4

Action                   |  1- 3 |  4- 6 |  7- 9 || total
-------------------------+-------+-------+-------++-------
Melee: Hand axe          |   121 |    94 |   163 ||   378
Throw: Stone             |    54 |     8 |    27 ||    89
Invok: Depart the Abyss  |     1 |       |       ||     1
 Abil: Heal Wounds       |     4 |     9 |     3 ||    16
  Use: Scroll            |     4 |       |       ||     4
  Eat: Ration            |       |     1 |     1 ||     2
Armor: Leather armour    |    21 |    24 |    23 ||    68
Dodge: Dodged            |    52 |    64 |    81 ||   197

Table legend:
 A = Non-vault XP
 B = Vault XP
 C = Vault XP percentage of total XP
 D = Non-vault monster count
 E = Vault monster count
 F = Vault count percentage of total count
                 A         B        C        D         E       F
            +---------+---------+-------+---------+---------+-------
      Total |     607 |     461 |  43.2 |      64 |      20 |  23.8
            +---------+---------+-------+---------+---------+-------
        D:1 |      31 |       0 |   0.0 |      15 |       0 |   0.0
        D:2 |      29 |      35 |  54.7 |      13 |       1 |   7.1
        D:3 |      88 |       0 |   0.0 |       7 |       0 |   0.0
        D:4 |     416 |     426 |  50.6 |      26 |      19 |  42.2
        D:5 |      43 |       0 |   0.0 |       3 |       0 |   0.0
            +---------+---------+-------+---------+---------+-------
